 Dungeon Crawl Stone Soup version 0.29.1-1-gd02db69 (webtiles) character file.

Game seed: 133153951418146959

711 Timinator the Insei (level 7, -3/56 HPs)
             Began as a Demigod Transmuter on Jan 10, 2023.
             Splashed by a jelly's acid (4 damage)
             ... on level 5 of the Dungeon.
             The game lasted 00:12:23 (3966 turns).

Timinator the Insei (Demigod Transmuter)            Turns: 3966, Time: 00:12:24

Health: -3/56      AC: -6    Str: 15    XL:     7   Next: 17%
Magic:  12/13      EV: 13    Int: 15    God:
Gold:   351        SH:  0    Dex: 18    Spells: 7/10 levels left

rFire   . . .      SeeInvis .     - Unarmed
rCold   . . .      Faith    .   (no shield)
rNeg    . . .      Spirit   .   y - +0 leather armour
rPois   .          Reflect  .   (helmet currently unavailable)
rElec   .          Harm     .   x - +1 cloak
rCorr   .          Rampage  .   (no gloves)
Will    .....                   (boots currently unavailable)
Stlth   +.........              (no amulet)
HPRegen 0.18/turn               k - +4 ring of slaying
MPRegen 0.13/turn               o - ring of flight

@: appendages, corroded, flying
A: horns 2, talons 2, high MP 1, forlorn, divine attributes
a: End Transformation


You were on level 5 of the Dungeon.
You had temporarily grown beastly horns and talons.
You visited 1 branch of the dungeon, and saw 5 of its levels.

You collected 351 gold pieces.

Inventory:

Missiles
 c - 35 poisoned darts
Armour
 h - a +0 helmet (melded)
 x - a +1 cloak (worn)
 y - a +0 leather armour (worn)
 B - a +0 ring mail
 C - a +2 robe of resistance
 E - +0 fire dragon scales
Jewellery
 a - a ring of magical power
 k - a +4 ring of slaying (left hand)
 o - a ring of flight (right hand)
 A - a ring of magical power
Wands
 v - a wand of charming (12)
Scrolls
 d - a scroll of vulnerability {unknown}
 f - a scroll of enchant armour {unknown}
 j - a scroll of acquirement {unknown}
 l - a scroll of fog {unknown}
 r - a scroll of immolation {unknown}
 u - a scroll of silence {unknown}
 z - a scroll of summoning {unknown}
Potions
 b - 3 potions of lignification
 e - 2 potions of might
 g - a potion of flight
 i - 3 potions of attraction
 m - a potion of magic {unknown}
 n - a potion of cancellation
 p - a potion of mutation {unknown}
 q - 3 potions of haste
 s - 2 potions of heal wounds {unknown}
 t - 2 potions of berserk rage {unknown}
 w - a potion of resistance {unknown}
 D - 3 potions of degeneration {unknown}
 F - a potion of ambrosia {unknown}


   Skills:
 * Level 2.7 Fighting
 * Level 2.3 Armour
 * Level 3.3 Dodging
 + Level 4.7 Unarmed Combat
 - Level 2.0 Spellcasting
 * Level 4.3 Transmutations


You had 7 spell levels left.
You knew the following spells:

 Your Spells              Type           Power      Damage    Failure   Level
a - Beastly Appendage     Tmut           28%        N/A       4%          1
b - Wereblood             Tmut           14%        N/A       7%          2

Your spell library contained the following spells:

 Spells                   Type           Power      Damage    Failure   Level
 Summon Small Mammal      Summ           4%         N/A       26%         1
 Spider Form              Tmut/Pois      7%         N/A       34%         3
 Call Canine Familiar     Summ           1%         N/A       63%         3
 Summon Guardian Golem    Hex/Summ       1%         N/A       63%         3
 Ice Form                 Ice/Tmut       7%         N/A       75%         4
 Orb of Destruction       Conj           0%         9d5       100%        7
 Spellforged Servitor     Conj/Summ      0%         N/A       100%        7


Dungeon Overview and Level Annotations

Branches:
Dungeon (5/15)             Temple (0/1) D:5

Shops:
D:5 :


Innate Abilities, Weirdness & Mutations

You have temporarily grown beastly horns and talons.
You have an increased reservoir of magic. (+10% MP)
You shall have no god before yourself.
Your divine heritage dramatically boosts your attributes as you level up.


Message History

Your horns disappear.
Your talons disappear.
Your +0 helmet unmelds from your body.
Your primal bloodlust is almost over.
F - an orange potion Your primal bloodlust has ended.
You now have 351 gold pieces (gained 15).
You see here a scorpion corpse.
Found a stone staircase leading down.
A jelly comes into view.
Found a cyan potion.
Found a large agate ring.
The jelly quivers.
There is a stone staircase leading down here.
You punch the jelly!
Your hands burn!
The jelly is heavily wounded.
You hit the jelly. The acid corrodes you!
Your hands burn!
The jelly is severely wounded.
The jelly hits you.
You are splashed with acid!
You hit the jelly but do no damage. The acid corrodes you!
Your hands burn!
The jelly is severely wounded.
The jelly hits you. The acid corrodes you!
You are splashed with acid!
You hit the jelly.
Your hands burn!
The jelly is almost dead.
The jelly hits you.
You are splashed with acid!
* * * LOW HITPOINT WARNING * * *
You hit the jelly.
Your hands burn!
* * * LOW HITPOINT WARNING * * *
The jelly is almost dead.
The jelly hits you.
* * * LOW HITPOINT WARNING * * *
You are splashed with acid!
* * * LOW HITPOINT WARNING * * *
Okay, then.
Okay, then.
Casting: Wereblood (safe; 7% risk of failure)
Confirm with . or Enter, or press ? or * to list all spells.
You grow a pair of large bovine horns.
Your feet morph into talons.
Your +0 helmet melds into your body.
The jelly barely misses you.
You hit the jelly.
Your hands burn!
You die...

##=...# #.....#
##.....# .
####......# .. ####
.......... ...
...#. ##..!....#
.... .....
.........##.....
.....
#...J@........
###..
.##......######
..#######.##..###.#
..#..').#.... ###.#
###..#..#.## ##...#
..##'####.## #..###
⌠..........# #.##
...........###.#
##P.####....##.#


You could see a jelly.

Vanquished Creatures
  2 phantoms
  A kobold brigand (D:4)
  2 scorpions (D:5)
  2 howler monkeys
  A hound (D:4)
  A jelly (D:5)
  3 iguanas
  An orc wizard (D:5)
  3 adders
  A white imp (D:5)
  A worm (D:5)
  2 dart slugs
  5 orcs
  6 endoplasms
  2 giant cockroaches
  9 hobgoblins
  2 jackals (D:1)
  30 kobolds
  2 quokkas
  7 ball pythons
  6 bats
  9 goblins
  5 rats
103 creatures vanquished.

Vanquished Creatures (others)
  18 plants (D:4)
18 creatures vanquished.

Grand Total: 121 creatures vanquished

Notes
Turn   | Place    | Note
-------+----------+-------------------------------------------
     0 | D:1      | Timinator the Demigod Transmuter began the quest for the
                  | Orb.
     0 | D:1      | Reached XP level 1. HP: 15/15 MP: 5/5
   284 | D:1      | Reached skill level 1 in Fighting
   291 | D:1      | Reached XP level 2. HP: 7/23 MP: 7/7
   886 | D:1      | Learned a level 2 spell: Wereblood
  1375 | D:2      | Reached XP level 3. HP: 14/28 MP: 6/8
  1906 | D:2      | Reached skill level 1 in Armour
  1906 | D:2      | Reached XP level 4. HP: 32/35 MP: 7/9
  2828 | D:4      | Reached XP level 5. HP: 41/41 MP: 8/10
  3241 | D:4      | Reached XP level 6. HP: 40/48 MP: 7/11
  3509 | D:5      | Entered Level 5 of the Dungeon
  3632 | D:5      | Found Xuit's Vocational Training.
  3638 | D:5      | Reached XP level 7. HP: 52/56 MP: 13/13
  3865 | D:5      | Found a staircase to the Ecumenical Temple.
  3964 | D:5      | HP: 1/56 [acid (10)]
  3966 | D:5      | Splashed by a jelly's acid

Illustrated notes

Levels and vault maps discovered:
D:1:      erik_arrival_blinker_ship, layout_basic
D:2:      layout_basic
D:3:      layout_rooms, lightli_corner_chamber
D:4:      kennysheep_kobold_camp, layout_gridville
D:5:      corexii_shack_village, layout_rooms, minmay_temple_entry_large_hall,
          nicolae_shop_vocational

Skill      XL: |  1  2  3  4  5  6 |
---------------+-------------------+-----
Fighting       | 1 2 |  2.7
Transmutations | 2 3 4 |  4.3
Unarmed Combat | 3 4 |  4.7
Dodging        | 2 3 |  3.3
Spellcasting   | 2 |  2.0
Armour         | 1 2 |  2.3

Action                   |  1- 3 |  4- 6 |  7- 9 || total
-------------------------+-------+-------+-------++-------
Melee: Unarmed           |    91 |   104 |    34 ||   229
       Kick              |    13 |    23 |     6 ||    42
       Headbutt          |     6 |    11 |     2 ||    19
       Punch             |     1 |     2 |       ||     3
 Cast: Beastly Appendage |    16 |    18 |     4 ||    38
       Wereblood         |     1 |     5 |     1 ||     7
  Use: Scroll            |       |     5 |       ||     5
 Stab: Sleeping          |       |     1 |       ||     1
Armor: Robe              |    24 |     5 |       ||    29
       Leather armour    |       |    22 |     3 ||    25
Dodge: Dodged            |    54 |    52 |    19 ||   125
